 Dungeon Crawl Stone Soup version 0.29.1-13-g9f3cf754e1 (webtiles) character file.

Game seed: 3686136740851753200

97 tune the Grasshopper (level 4, -7/36 (39) HPs)
             Began as a Naga Warper on Jan 28, 2023.
             Killed by divine providence
             ... invoked by an orc priest
              (15 damage)
             ... on level 4 of the Dungeon.
             The game lasted 00:12:05 (3486 turns).

tune the Grasshopper (Naga Warper)                  Turns: 3486, Time: 00:12:06

HP:   -7/36 (39)    AC:  4    Str: 13    XL:     4   Next: 68%
MP:   7/7           EV:  9    Int: 15    God:
Gold: 202           SH:  0    Dex: 11    Spells: 5/7 levels left

rFire   . . .      SeeInvis +   a - +1 hand axe
rCold   . . .      Faith    .   (no shield)
rNeg    . . .      Spirit   .   b - +0 leather armour
rPois   +          Reflect  .   n - +0 helmet
rElec   .          Harm     .   (no cloak)
rCorr   .          Rampage  .   (no gloves)
Will    .....                   (no barding)
Stlth   ++........              (no amulet)
HPRegen 0.12/turn               (no ring)
MPRegen 0.10/turn               (no ring)

@: drained, very slow
A: AC +1, large, see invisible, deformed body, poison resistance, slowness 2,
spit poison 1, naga tail 1
a: Spit Poison


You were on level 4 of the Dungeon.
You visited 1 branch of the dungeon, and saw 6 of its levels.

You collected 202 gold pieces.

Inventory:

Hand Weapons
 a - a +1 hand axe (weapon)
Missiles
 d - 6 boomerangs of dispersal
 l - 3 boomerangs
Armour
 b - a +0 leather armour (worn)
 n - a +0 helmet (worn)
Jewellery
 e - an amulet of guardian spirit
Scrolls
 g - 2 scrolls of amnesia
 h - a scroll of teleportation
Potions
 f - 2 potions of heal wounds
 k - a potion of flight
 m - a potion of ambrosia
 p - 3 potions of curing {unknown}
 q - 3 potions of haste {unknown}


   Skills:
 + Level 2.2 Fighting
 + Level 2.9 Axes
 + Level 0.8 Throwing
 + Level 1.2 Armour
 - Level 1.7 Dodging
 * Level 2.2 Stealth
 * Level 2.4 Spellcasting
 * Level 3.6 Translocations


You had 5 spell levels left.
You knew the following spells:

 Your Spells              Type           Power      Damage    Failure   Level
a - Blink                 Tloc           24%        N/A       9%          2

Your spell library contained the following spells:

 Spells                   Type           Power      Damage    Failure   Level
 Gell's Gravitas          Tloc           12%        N/A       19%         3
 Lesser Beckoning         Tloc           12%        N/A       19%         3
 Teleport Other           Tloc           12%        N/A       19%         3
 Beastly Appendage        Tmut           2%         N/A       26%         1
 Portal Projectile        Hex/Tloc       14%        N/A       36%         3
 Wereblood                Tmut           1%         N/A       38%         2
 Spider Form              Tmut/Pois      1%         N/A       63%         3
 Tukima's Dance           Hex            1%         N/A       63%         3
 Manifold Assault         Tloc           12%        N/A       86%         5
 Blade Hands              Tmut           0%         N/A       100%        5


Dungeon Overview and Level Annotations

Branches:
Dungeon (6/15)
 Temple: D:4-7

Altars:

Shops:
D:2 *

Annotations:
D:5 3 runed translucent doors, croobank's ghost, amateur OpTm
D:6 Edmund


Innate Abilities, Weirdness & Mutations

Your serpentine skin is tough. (AC +1)
You have supernaturally acute eyesight. (SInv)
Armour fits poorly on your strangely shaped body.
Your system is resistant to poisons. (rPois)
You cover ground very slowly.
You can spit poison.
You have a snake-like lower body.


Message History

The hobgoblin hits you.
You hit the hobgoblin.
You kill the hobgoblin!
Aiming: Spit Poison (1% risk of failure)
Press: ? - help, Q - select action, (/) - cycle Shift-Dir - straight line, f - orc priest
Aim: an orc priest, wielding a +0 war axe (59% to hit)
The splash of poison misses the orc priest.
An orc wizard comes into view. It is wielding a +0 dagger.
An orc comes into view. It is wielding a +0 whip.
The orc priest barely misses you. x2; The orc wizard moves out of view.
The orc moves out of view.
You see here a hobgoblin corpse.
You hit the orc priest.
The orc priest is lightly wounded.
The orc priest hits you with a +0 war axe.
The orc shouts!
You hit the orc priest.
The orc priest is moderately wounded.
The orc priest mumbles some strange prayers to Beogh against you.
You struggle to resist.
The orc priest attacks as you move away!
The orc priest hits you with a +0 war axe.
You have got your breath back.
You barely miss the orc priest.
The orc priest is moderately wounded.
The orc priest hits you with a +0 war axe!
You closely miss the orc priest.
The orc priest is moderately wounded.
The orc priest hits you with a +0 war axe!
* * * LOW HITPOINT WARNING * * *
The orc priest hits you but does no damage.
Blink to where?
Press: ? - help, Dir - move target, p - orc priest
As you read the scroll of blinking, it crumbles to dust.
A hobgoblin comes into view.
The hobgoblin shouts!
You hit the hobgoblin but do no damage.
The orc priest invokes the aid of Beogh against you.
Beogh smites you!
You die...

....#...#
......)o###########
##.#.....†.o......#
.........########o#
#...#....? #.#
........... #.#
#..........######o#
...#.......##...o.#
#.##.....###@#####
##...## #g# #.# #.#
#.# #.# #.# #.#


You could see an orc priest, an orc and a hobgoblin.

Vanquished Creatures
  An iguana (D:6)
  2 adders
  3 dart slugs (D:1)
  2 endoplasms
  2 giant cockroaches (D:2)
  5 goblins
  4 hobgoblins
  3 jackals (D:3)
  A quokka (D:1)
  5 ball pythons
  6 bats
  4 frilled lizards
  4 kobolds
  4 rats
46 creatures vanquished.

Vanquished Creatures (others)
  2 fungi (D:6)
2 creatures vanquished.

Grand Total: 48 creatures vanquished

Notes
Turn   | Place    | Note
-------+----------+-------------------------------------------
     0 | D:1      | tune the Naga Warper began the quest for the Orb.
     0 | D:1      | Reached XP level 1. HP: 19/19 MP: 3/3
   171 | D:1      | Reached XP level 2. HP: 14/26 MP: 5/5
   321 | D:1      | Found a faded altar of an unknown god.
   521 | D:1      | Reached skill level 1 in Stealth
  1286 | D:2      | Reached XP level 3. HP: 26/32 MP: 6/6
  1299 | D:1      | Learned a level 2 spell: Blink
  1551 | D:2      | Found Ucimm's Assorted Antiques.
  2238 | D:2      | Reached skill level 1 in Armour
  2544 | D:1      | Reached XP level 4. HP: 23/39 MP: 7/7
  3184 | D:3      | You fall into a shaft and drop 3 floors!
  3264 | D:6      | Noticed a necrophage
  3291 | D:6      | Noticed an orc warrior
  3292 | D:6      | Noticed Edmund
  3294 | D:5      | Entered Level 5 of the Dungeon
  3434 | D:5      | Found a runed translucent gate.
  3435 | D:5      | Found a runed translucent gate.
  3435 | D:5      | Noticed croobank's ghost (amateur OpTm)
  3436 | D:5      | Found a runed translucent gate.
  3436 | D:5      | Noticed an acid dragon
  3486 | D:4      | Killed from afar by an orc priest

Illustrated notes

Levels and vault maps discovered:
D:1:      wander_arrival_peaceful_grave, layout_loops_corners,
          hellmonk_ecumenical_altar_defaced_shrine
D:2:      layout_basic, serial_shops, nicolae_shop_competitors_out_of_business
D:3:      layout_loops_ring
D:4:      layout_loops_ring, grunt_temple_overflow_open
D:5:      layout_rooms, gammafunk_ghost_split, skrybe_limestone_x,
          kennysheep_potato, uniq_eustachio, uniq_sigmund
D:6:      layout_basic, ebering_ghost_gozag, uniq_edmund, uniq_grinder,
          uniq_crazy_yiuf_cottage

Skill      XL: |  1  2  3  4 |
---------------+-------------+-----
Stealth        | 1 2 |  2.2
Armour         | 1 |  1.2
Fighting       | |  2.2
Axes           | |  2.9
Throwing       | |  0.8
Dodging        | |  1.7
Spellcasting   | |  2.4
Translocations | |  3.6

Action                   |  1- 3 |  4- 6 || total
-------------------------+-------+-------++-------
Melee: Hand axe          |   114 |    31 ||   145
Throw: Boomerang         |     1 |       ||     1
 Cast: Blink             |     2 |     2 ||     4
 Abil: Spit Poison       |    12 |     5 ||    17
  Use: Scroll            |     8 |     4 ||    12
       Potion            |     1 |       ||     1
 Stab: Sleeping          |     1 |       ||     1
Armor: Leather armour    |    43 |    12 ||    55
Dodge: Dodged            |    93 |    21 ||   114
